 Dungeon Crawl Stone Soup version 0.27.1-15-g792fb953b9 (webtiles) character file.

Game seed: 991922459902129041

16 styxcanada the Sneak (level 2, 0/15 HPs)
             Began as a Spriggan Brigand on Nov 21, 2021.
             Slain by a giant cockroach (1 damage)
             ... on level 1 of the Dungeon.
             The game lasted 00:01:24 (238 turns).

styxcanada the Sneak (Spriggan Brigand)              Turns: 238, Time: 00:01:24

Health: 0/15       AC:  3    Str:  7    XL:     2   Next: 41%
Magic:  3/3        EV: 16    Int: 12    God:
Gold:   11         SH:  0    Dex: 16    Spells: 1/1 levels left

rFire    . . .     SeeInvis +   a - +2 dagger
rCold    . . .     Faith    .   (shield restricted)
rNeg     . . .     Spirit   .   b - +0 robe
rPois    .         Reflect  .   (helmet restricted)
rElec    .         Harm     .   c - +0 cloak
rCorr    .         Rampage  .   (gloves unavailable)
Will     .....                  (boots unavailable)
Stlth    +++.......             (no amulet)
HPRegen  0.05/turn              (no ring)
MPRegen  0.08/turn              (no ring)

@: very quick
A: very small, no large weapons, unfitting armour, see invisible, speed 3
a: no special abilities


You were on level 1 of the Dungeon.
You visited 1 branch of the dungeon, and saw 1 of its levels.

You collected 11 gold pieces.

Inventory:

Hand Weapons
 a - a +2 dagger (weapon)
Missiles
 d - 6 poisoned darts (quivered)
 e - 2 curare-tipped darts
Armour
 b - a +0 robe (worn)
 c - a +0 cloak (worn)
Potions
 f - a potion of ambrosia {unknown}
 g - a potion of brilliance {unknown}


   Skills:
 * Level 1.7 Fighting
 + Level 2.3 Short Blades
 + Level 2.0 Throwing
 * Level 1.5 Dodging
 * Level 6.6 Stealth


You had one spell level left.
You didn't know any spells.
Your spell library was empty.

Dungeon Overview and Level Annotations

Branches:
Dungeon (1/15)

Altars:


Innate Abilities, Weirdness & Mutations

You are very small and have problems with some larger weapons.
You are too small for most types of armour.
You have supernaturally acute eyesight. (SInv)
You cover ground extremely quickly. (Speed+++)


Message History

You barely miss the kobold.
The kobold is severely wounded.
You closely miss the kobold.
The kobold is severely wounded.
The kobold misses you.
You hit the kobold.
You kill the kobold!
The rat completely misses you.
Items here: (( ) †.
You hit the rat but do no damage. The rat bites you.
* * * LOW HITPOINT WARNING * * *
You hit the rat.
You kill the rat!
Throw: 7 darts (poison)
Press: ? - help, Q - select action, (/) - cycle Shift-Dir - straight line, f - dart slug
Aim: a dart slug (93% to hit)
You throw a poisoned dart. The poisoned dart hits the dart slug.
The dart slug is poisoned.
The dart slug launches a dart at you.
The slug dart misses you. 2 dart slugs come into view.
The dart slug launches a dart at you. The slug dart misses you.
The dart slug launches a dart at you. The slug dart misses you.
The dart slug launches a dart at you. The slug dart hits you.
* * * LOW HITPOINT WARNING * * *
Found a spear.
A giant cockroach and a goblin come into view.
There are monsters nearby!
An endoplasm comes into view.
The endoplasm quivers.
A ball python comes into view.
The helpless goblin fails to defend itself.
You impale the goblin!!
You kill the goblin!
The giant cockroach barely misses you.
You hit the endoplasm but do no damage. The giant cockroach bites you.
You die...

...##...## ##.........
...#.....## #..........
..........####..........
# #.................†...
#.#.......####..........
.........## #...........
.#.#.....##....#####.#.#
#.....B....##.# #....
##....@..####.# #....
#....J..# #)# #....
#......## #.# #r...
##.....# . #.###.. #S
.## #. .# ..


You could see an endoplasm, a giant cockroach and a ball python (asleep).

Vanquished Creatures
  2 bats (D:1)
  An endoplasm (D:1)
  4 goblins (D:1)
  A hobgoblin (D:1)
  A jackal (D:1)
  A kobold (D:1)
  2 ball pythons (D:1)
  2 rats (D:1)
14 creatures vanquished.

Notes
Turn   | Place    | Note
-------+----------+-------------------------------------------
     0 | D:1      | styxcanada the Spriggan Brigand began the quest for the
                  | Orb.
     0 | D:1      | Reached XP level 1. HP: 10/10 MP: 2/2
    20 | D:1      | Reached skill level 6 in Stealth
   124 | D:1      | Reached XP level 2. HP: 12/15 MP: 3/3
   238 | D:1      | Slain by a giant cockroach

Illustrated notes

Levels and vault maps discovered:
D:1:      dpeg_arrival_round_b, layout_rooms, minmay_cut_off

Skill      XL: |  1 |
---------------+----+-----
Stealth        | 6 |  6.6
Fighting       | |  1.7
Short Blades   | |  2.3
Throwing       | |  2.0
Dodging        | |  1.5

Action                   || total
-------------------------++-------
Melee: Dagger            ||    39
Throw: Dart              ||     2
 Stab: Sleeping          ||     5
Armor: Robe              ||     3
Dodge: Dodged            ||    28
